 Dungeon Crawl Stone Soup version 0.30-a0-964-gd452b5e7fa (webtiles) character file.

Game seed: 6161831234506050169

88 retardedninja the Covered (level 4, -3/40 HPs)
             Began as an Armataur Fighter on Mar 30, 2023.
             Slain by Sigmund
             ... wielding a +0 scythe
              (6 damage)
             ... on level 2 of the Dungeon.
             The game lasted 00:01:54 (1384 turns).

retardedninja the Covered (Armataur Fighter)        Turns: 1384, Time: 00:01:54

Health: -3/40      AC:  7    Str: 23    XL:     4   Next: 30%
Magic:  4/4        EV:  7    Int:  9    God:
Gold:   94         SH:  0    Dex:  9    Spells: 3/3 levels left

rFire   . . .      SeeInvis .    a - +0 war axe
rCold   . . .      Faith    .    c - +0 buckler
rNeg    . . .      Spirit   .    b - +0 scale mail
rPois   .          Reflect  .    (no helmet)
rElec   .          Roll     +    (no cloak)
rCorr   .                        (no gloves)
Will    .....                    (no barding) Stlth
                                 (no amulet)
HPRegen 0.26/turn                (no ring)
MPRegen 0.09/turn                (no ring)

@: confused, mighty
A: large, rugged brown scales 3, deformed body, armoured tail, roll, long
tongue, awkward tongue
a: no special abilities


You were on level 2 of the Dungeon.
You visited 1 branch of the dungeon, and saw 2 of its levels.

You collected 94 gold pieces.

Inventory:

Hand Weapons
 a - a +0 war axe (weapon)
Armour
 b - a +0 scale mail (worn)
 c - a +0 buckler (worn)
Jewellery
 e - a ring of protection from fire
 h - a ring of positive energy
 k - an amulet of regeneration
 o - a ring of see invisible
Scrolls
 i - a scroll of identify {unknown}
 j - a scroll of teleportation {unknown}
 m - a scroll of enchant armour {unknown}
 n - a scroll of vulnerability {unknown}
Potions
 f - 2 potions of mutation {unknown}
 g - 4 potions of curing {unknown}
 l - 2 potions of flight {unknown}


   Skills:
 + Level 3.3 Fighting
 + Level 2.3 Axes
 + Level 4.4 Armour
 + Level 4.0 Shields


You had 3 spell levels left.
You didn't know any spells.
Your spell library contained the following spells:

 Spells                   Type           Power      Damage    Failure   Level
 Ensorcelled Hibernation  Hex/Ice        0%         N/A       88%         2
 Passwall                 Tmut/Erth      0%         N/A       88%         2
 Dazzling Flash           Conj/Hex       0%         N/A       98%         3
 Swiftness                Air            0%         N/A       98%         3
 Olgreb's Toxic Radiance  Pois           0%         N/A       100%        4
 Agony                    Necr           0%         N/A       100%        5
 Silence                  Hex/Air        0%         N/A       100%        5
 Ozocubu's Refrigeration  Ice            0%         4d7       100%        7
 Ignition                 Fire           0%         3d3       100%        8


Dungeon Overview and Level Annotations

Branches:
Dungeon (2/15)

Altars:

Annotations:
D:2 Sigmund


Innate Abilities, Weirdness & Mutations

You are completely covered in rugged brown scales. (AC +3, +7% HP)
Armour fits poorly on your strangely shaped body.
You have a long armoured tail.
You roll when moving toward enemies. (Rampage)
Your long tongue fully drains potion bottles. (2x potion effects)
Your tongue gives you trouble enunciating. (1.5x scroll delay)


Message History

Sigmund flickers and vanishes!
Deactivating autopickup; reactivate with Ctrl-A.
The quokka bites you but does no damage.
You closely miss the quokka. You tail-slap the quokka.
You kill the quokka!
You see here a quokka corpse.
Something hits you. Something hits you!
You miss something.
You feel very mighty all of a sudden.
You slurp down every last drop of the potion of might!
Something hits you.
You hit something. You tail-slap something.
Something hits you but does no damage.
You hit something. Something hits you.
You miss something.
You hear some strange, mumbled words.
You are confused.
You bump into the rock wall.
You hear some strange, mumbled words.
A puff of flame appears from out of thin air!
The puff of flame hits you.
You're too confused to move!
You hear some strange, mumbled words.
You are more confused.
You bump into the rock wall.
Something hits you.
You bump into the rock wall.
You hear some strange, mumbled words.
A magic dart appears from out of thin air!
The magic dart hits you.
* * * LOW HITPOINT WARNING * * *
You bump into the rock wall.
Something hits you!
* * * LOW HITPOINT WARNING * * *
You miss something. Something hits you but does no damage. Something hits you.
* * * LOW HITPOINT WARNING * * *
You bump into the rock wall.
Something hits you.
You die...

....##.....# ##.## ..
######.##### #.# .#
#......# #.#
#.###..###### .#
##.###........ .#
....÷....##### ##
.....#.#.#
.....#.#.###############
...............†@.{....#
.....##..#############.#
.....##..# #PP.###..#
^P...##..# .♣♣..P...#
P♣♣PP..### . ♣P.###
#..P##


There were no monsters in sight!

Vanquished Creatures
  2 adders (D:2)
  3 worms
  A dart slug (D:2)
  3 bats
  9 endoplasms
  8 giant cockroaches
  A goblin (D:1)
  3 hobgoblins (D:1)
  6 jackals (D:1)
  8 kobolds
  A quokka (D:2)
  2 ball pythons
  5 rats
52 creatures vanquished.

Notes
Turn   | Place    | Note
-------+----------+-------------------------------------------
     0 | D:1      | retardedninja the Armataur Fighter began the quest for the
                  | Orb.
     0 | D:1      | Reached XP level 1. HP: 19/19 MP: 1/1
     1 | D:1      | Found a runed translucent door.
   184 | D:1      | Reached XP level 2. HP: 26/26 MP: 2/2
   804 | D:1      | Reached XP level 3. HP: 27/33 MP: 3/3
  1075 | D:2      | Reached XP level 4. HP: 40/40 MP: 4/4
  1096 | D:2      | Found a faded altar of an unknown god.
  1365 | D:2      | Noticed Sigmund
  1382 | D:2      | HP: 2/40 [something (4)]
  1384 | D:2      | Slain by Sigmund

Illustrated notes

Levels and vault maps discovered:
D:1:      dpeg_arrival_caged_fury, layout_basic, minmay_tripent
D:2:      layout_loops_ring, dreamdust_ecumenical_altar_grove, serial_forest,
          infiniplex_forest_clump_small, infiniplex_forest_corner_1,
          infiniplex_forest_end_3, infiniplex_forest_lined_room_3,
          infiniplex_forest_straight_4, infiniplex_forest_clump_small,
          grunt_decor_junction, uniq_sigmund

Skill      XL: |  1  2  3  4 |
---------------+-------------+-----
Armour         | 4 |  4.4
Axes           | 2 |  2.3
Fighting       | 3 |  3.3
Shields        | 4 |  4.0

Action                     |  1- 3 |  4- 6 || total
---------------------------+-------+-------++-------
  Melee: War axe           |   101 |    19 ||   120
         Tailslap          |    13 |     3 ||    16
    Use: Potion            |       |     1 ||     1
 Armour: Scale mail        |    53 |     4 ||    57
  Dodge: Dodged            |    41 |     2 ||    43
  Block: Buckler           |    25 |     2 ||    27

Table legend: (Time is in decaauts)
 A = Elapsed time spent in this place.
 B = Non-inter-level travel time spent in this place.
 C = Inter-level travel time spent in this place.
 D = Time resting spent in this place.
 E = Time spent auto-exploring this place.
 F = Levels seen in this place.
 G = Mean time per level.
                   A        B        C        D        E       F      G
               +--------+--------+--------+--------+--------+-----+--------+
         Total |   1435 |   1425 |     10 |      0 |   1114 |   2 |  717.5 |
       Dungeon |   1435 |   1425 |     10 |      0 |   1114 |   2 |  717.5 |
               +--------+--------+--------+--------+--------+-----+--------+

Top non-repeatable levels by time:
     D:1: 875 daAuts
     D:2: 560 daAuts
